 Dungeon Crawl Stone Soup version 0.31-a0-188-g5e087ee2ca (webtiles) character file.

Game seed: 10956917012866093842

24 qw the Shooter (level 2, 0/16 HPs)
             Began as a Deep Elf Hunter on June 23, 2023.
             Succumbed to their own poison gas
             ... on level 1 of the Dungeon.
             The game lasted 00:00:17 (530 turns).

qw the Shooter (Deep Elf Hunter)                     Turns: 530, Time: 00:00:17

Health: 0/16       AC:  5    Str:  8    XL:     2   Next: 79%
Magic:  4/4        EV: 10    Int: 13    God:
Gold:   54         SH:  0    Dex: 18    Spells: 1/1 levels left

rFire   . . .        Y - +0 shortbow
rCold   . . .        (shield currently unavailable)
rNeg    . . .        k - +0 ring mail
rPois   .            (no helmet)
rElec   .            (no cloak)
rCorr   .            (no gloves)
SInv    .            (no boots)
Will    .....        h - amulet of guardian spirit
Stlth   +            (no ring)
HPRegen 0.22/turn    (no ring)
MPRegen 0.09/turn

%: guardian spirit
@: lethally poisoned (0 -> -7)
A: no striking features
a: no special abilities


You were on level 1 of the Dungeon.
You visited 1 branch of the dungeon, and saw 1 of its levels.

You collected 54 gold pieces.


   Skills:
 - Level 1.5 Fighting
 + Level 6.5 Ranged Weapons
 - Level 2.4 Dodging
 - Level 1.2 Stealth


You had one spell level left.
You didn't know any spells.
Your spell library was empty.

Inventory:

Hand Weapons
 Y - a +0 shortbow (weapon)
Armour
 k - a +0 ring mail (worn)
Jewellery
 h - an amulet of guardian spirit (around neck)
Potions
 e - a potion of magic {unknown}

Dungeon Overview and Level Annotations

Branches:
Dungeon (1/15)

Altars:


Message History

As you read the scroll labelled ENISSUOLUO, it crumbles to dust.
The air around you briefly surges with heat, but it dissipates.
It was a scroll of immolation.
Done exploring.
523 ||| READING 3 scrolls labelled HOAQEN EMAAFOA.
The air fills with toxic fumes!
As you read the scroll labelled HOAQEN EMAAFOA, it crumbles to dust.
It was a scroll of poison.
Done exploring.
524 ||| DROPPING scroll of butterflies.
You drop a scroll of butterflies.
Done exploring.
525 ||| DROPPING 2 scrolls of poison.
You drop 2 scrolls of poison.
Done exploring.
(D) Dungeon
Where to? (* - list waypoints, ? - help)
What level of the Dungeon? (default 1, ? - help) Sorry, I don't know how to get there.
Enter note:
Enter note:
Enter note:
Enter note:
Enter note:
Enter note:
Enter note:
Enter note:
Enter note: Really walk into that cloud of poison gas?
You are engulfed in poison gas.
You are lethally poisoned!
You feel very sick.
527 ||| Stepping ~*~*~tactically~*~*~ (cloud).
You feel very sick.
Things that are here:
2 scrolls of poison; a scroll of butterflies; a +0 leather armour
There is a lethal amount of poison in your body!
You feel very sick.
There is a lethal amount of poison in your body!
You feel sick.
There is a lethal amount of poison in your body!
You die...

...#........#
########......
...#.######¤######
#####..
.....#####¤¤¤¤¤0¤#
#..
........##00¤0¤0¤#
#..
.........#00¤0¤¤¤#
#..
#........¤¤¤¤¤¤¤¤####
#..
#........00¤0¤¤¤¤0¤¤#
###
#........0¤¤¤¤¤¤0¤0¤#
.........¤00¤000@¤¤0#
.....###.¤¤#####¤¤¤¤#
.#....##...# #¤0¤¤#
## .####......#
#0¤¤¤# #.
.).........# ######
#. .#######..##
######### #. .#
####..### #.......#
#. .# #.......##
#.......# ##. ##
#........# #.......#
#..


There were no monsters in sight!

Vanquished Creatures
  2 ball pythons (D:1)
  2 endoplasms (D:1)
  A giant cockroach (D:1)
  5 goblins (D:1)
  2 kobolds (D:1)
  3 bats (D:1)
  2 frilled lizards (D:1)
  4 rats (D:1)
21 creatures vanquished.

Notes
Turn   | Place    | Note
-------+----------+-------------------------------------------
     0 | D:1      | qw the Deep Elf Hunter began the quest for the Orb.
     0 | D:1      | Reached XP level 1. HP: 12/12 MP: 3/3
     0 | D:1      | 0 ||| qw: Version: 0.3-a-9-g12657ce
     0 | D:1      | 0 ||| qw: Game counter: 3599
     0 | D:1      | 0 ||| qw: Always use a shield: true
     0 | D:1      | 0 ||| qw: God list: Okawaru
     0 | D:1      | 0 ||| qw: Allow faded altars: false
     0 | D:1      | 0 ||| qw: Do Orc after D:15 true
     0 | D:1      | 0 ||| qw: Do second Lair branch before Depths: true
     0 | D:1      | 0 ||| qw: Lair rune preference: random
     0 | D:1      | 0 ||| qw: Plans: Normal
     0 | D:1      | 0 ||| PLANNING D:1-11
    92 | D:1      | Reached XP level 2. HP: 16/16 MP: 4/4
   106 | D:1      | Reached skill level 6 in Ranged Weapons
   503 | D:1      | 503 ||| UPGRADING to +0 ring mail.
   513 | D:1      | 513 ||| DROPPING +0 leather armour.
   514 | D:1      | 514 ||| UPGRADING to amulet of guardian spirit.
   519 | D:1      | 519 ||| READING scroll labelled QATRAXY JILE.
   520 | D:1      | 520 ||| READING scroll labelled UWKEDOALEPP.
   521 | D:1      | 521 ||| READING scroll labelled METWACSO GIPUN.
   522 | D:1      | 522 ||| READING scroll labelled ENISSUOLUO.
   523 | D:1      | 523 ||| READING 3 scrolls labelled HOAQEN EMAAFOA.
   524 | D:1      | 524 ||| DROPPING scroll of butterflies.
   525 | D:1      | 525 ||| DROPPING 2 scrolls of poison.
   527 | D:1      | 527 ||| Stepping ~*~*~tactically~*~*~ (cloud).
   528 | D:1      | HP: 4/16 [poisoned by you (poison gas)]
   530 | D:1      | Succumbed to their own poison gas

Levels and vault maps discovered:
D:1:      mrwooster_arrival_statue, layout_basic

Skill      XL: |  1  2 |
---------------+-------+-----
Ranged Weapons | 6 |  6.5
Fighting       | |  1.5
Dodging        | |  2.4
Stealth        | |  1.2

Action                     || total
---------------------------++-------
   Fire: Shortbow          ||    61
    Use: Scroll            ||     5
 Armour: Leather armour    ||     4
  Dodge: Dodged            ||    12

Table legend:
 A = Non-vault XP
 B = Vault XP
 C = Vault XP percentage of total XP
 D = Non-vault monster count
 E = Vault monster count
 F = Vault count percentage of total count
                 A         B        C        D         E       F
            +---------+---------+-------+---------+---------+-------
      Total |      35 |       0 |   0.0 |      21 |       0 |   0.0
            +---------+---------+-------+---------+---------+-------
        D:1 |      35 |       0 |   0.0 |      21 |       0 |   0.0
            +---------+---------+-------+---------+---------+-------
